AoeStats
← Google

Nomad

505760123Analyzed
2v2 RM · 22d ago on Sep 10, 2026· 47m 44s· 4 players
Game mode
Random Map
Map size
176×176
Population
200
Speed
Normal
Resources
Standard
Victory
Conquest
Starting age
Dark Age
Ending age
Imperial Age
RankedLock teamsTeams togetherTeam positionsShared explorationLock speedFull tech treeHidden civsTurbo modeCheats
Victory
Defeat
🇺🇸 Japanese · United States
680
+14
🇮🇹 Armenians · Italy
603
+17
🇷🇴 Huns · Romania
802
-69
🇷🇴 Chinese · Romania
461
-9
Google
5:43 Loom
24:46 Feudal Age
26:21 Man-at-Arms
29:18 Wheelbarrow
28:30 Double-Bit Axe
29:23 Bloodlines
30:40 Town Watch
33:18 Scale Mail Armor
33:23 Scale Barding Armor
33:29 Forging
33:53 Horse Collar
34:11 Gold Mining
42:06 Castle Age
40:30 Fishing Lines
ALGAMER
21:33 Feudal Age
22:21 Horse Collar
22:28 Double-Bit Axe
23:27 Gold Mining
24:14 Man-at-Arms
25:34 Wheelbarrow
24:45 Town Watch
35:15 Forging
35:07 Scale Mail Armor
35:13 Scale Barding Armor
39:23 Castle Age
41:32 Hand Cart
41:17 Town Patrol
42:01 Gold Shaft Mining
41:17 Stone Mining
41:30 Heavy Plow
41:46 Bow Saw
42:16 Iron Casting
41:57 Chain Mail Armor
42:02 Chain Barding Armor
41:33 Fletching
41:44 Padded Archer Armor
42:49 Pikeman
Bufalo
3:44 Loom
16:01 Feudal Age
18:58 Man-at-Arms
22:43 Long Swordsman
23:14 Double-Bit Axe
23:17 Horse Collar
28:28 Castle Age
26:55 Arson
27:22 Forging
28:05 Scale Mail Armor
28:47 Gold Mining
28:48 Stone Mining
29:07 Fishing Lines
29:44 Heavy Plow
30:07 Crossbowman
33:12 Two-Handed Swordsman
33:25 Elite Skirmisher
35:40 Wheelbarrow
34:50 Town Watch
35:32 Bow Saw
36:41 Squires
37:27 Hand Cart
40:43 Imperial Age
39:52 Champion
42:12 Gold Shaft Mining
41:44 Elite Composite Bowman
42:47 Conscription
45:07 Chemistry
44:03 Murder Holes
44:04 Heavy Scorpion
Amachali
4:19 Loom
18:29 Feudal Age
22:21 Horse Collar
31:03 Castle Age
29:57 Fletching
31:10 Forging
31:01 Scale Mail Armor
31:28 Double-Bit Axe
31:54 Stone Mining
32:02 Arson
32:17 Squires
33:36 Iron Casting
33:17 Chain Mail Armor
34:02 Wheelbarrow
35:20 Chain Mail Armor
35:04 Bodkin Arrow
35:21 Caravan
35:42 Chain Mail Armor
35:28 Padded Archer Armor
34:59 Elite Skirmisher
35:03 Pikeman
36:17 Bow Saw
44:34 Imperial Age
44:10 Crossbowman
45:33 Arbalester
46:18 Thumb Ring
Connection lost

Rejoining the realm…

Still unreachable

The connection could not be restored.

Session expired

The server has moved on; the page needs a fresh start.